 Dungeon Crawl Stone Soup version bcrawl-1.17.3 (webtiles) character file.

Game seed: 17927026238978058533

1617864 KapersCrawl the Conqueror (level 27, 323/323 HPs)
             Began as an Ogre Abyssal Knight on Oct 9, 2019.
             Was a High Priest of Lugonu.
             Escaped with the Orb
             ... and 3 runes on Oct 23, 2019!
             The game lasted 05:11:43 (73975 turns).

KapersCrawl the Conqueror (Ogre Abyssal Knight)    Turns: 73975, Time: 05:11:44

Health: 323/323    AC: 55    Str: 32    XL:     27
Magic:  33/33      EV:  8    Int: 16    God:    Lugonu [*****.]
Gold:   1817       SH: 16    Dex: 12    Spells: 24/26 levels left

rFire    + . .     SeeInvis +   a - +9 demon whip (slash)
rCold    + + .     Gourm    .   H - +2 shield of Resistance {rF+ rC+ MR+}
rNeg     + + +     Faith    .   Z - +13 iron dragon scales
rPois    +         Spirit   .   o - +1 hat of the Pits of Slime {rC- rN+++ Stlth+}
rElec    +         Reflect  .   O - +2 cloak of Charity {rC++ Dex+4}
rCorr    .         Harm     .   (gloves unavailable)
MR       ++++.                  (boots unavailable)
Stlth    ..........             d - amulet of Gead {+Rage rElec MR+}
HPRegen  0.63/turn              w - ring of Robustness {AC+8, =R}
MPRegen  0.23/turn              A - ring of see invisible

@: no status effects
A: large, unfitting armour, repulsion field 1, blurry vision 1, poison
resistance, inhibited regeneration, strong 1, tough skin 1, wild magic 1
0: Orb of Zot
}: 3/15 runes: serpentine, barnacled, abyssal
a: Depart the Abyss, Bend Space, Banish, Corrupt, Enter the Abyss, Renounce
Religion, Evoke Berserk Rage


You escaped.
You worshipped Lugonu.
Lugonu was extremely pleased with you.
You were not hungry.

You visited 10 branches of the dungeon, and saw 42 of its levels.
You visited the Abyss 3 times.
You also visited: Ossuary, Gauntlet, Ice Cave and Wizlab.

You collected 6559 gold pieces.
You spent 4742 gold pieces at shops.

Inventory:

Hand Weapons
 a - a +9 demon whip of slashing (weapon)
Missiles
 c - 795 javelins of penetration
 q - 1625 large rocks (quivered)
 y - 10 throwing nets {!f}
Armour
 o - the +1 hat of the Pits of Slime (worn) {rC- rN+++ Stlth+}
   (Lugonu gifted it to you on level 7 of the Dungeon)

   It makes you vulnerable to cold.
   It renders you almost immune to negative energy.
   It makes you more stealthy.
 H - the +2 shield of Resistance (worn) {rF+ rC+ MR+}
   (You bought it in a shop on level 7 of the Dungeon)

   It protects you from fire.
   It protects you from cold.
   It affects your resistance to hostile enchantments.
 O - the +2 cloak of Charity (worn) {rC++ Dex+4}
   (You found it on level 4 of the Depths)

   It affects your dexterity (+4).
   It greatly protects you from cold.
 Z - +13 iron dragon scales (worn)
Jewellery
 d - the amulet of Gead (around neck) {+Rage rElec MR+}
   (You acquired it on level 2 of the Snake Pit)

   [amulet of rage]

   It insulates you from electricity.
   It affects your resistance to hostile enchantments.
   It lets you go berserk.
 h - an uncursed ring of flight
 w - the ring of Robustness (left hand) {AC+8, =R}
   (You bought it in a shop on level 1 of the Vaults)

   [ring of protection]

   It affects your AC (+8).
 A - a ring of see invisible (right hand)
 E - a +2 ring of slaying
Wands
 l - a wand of disintegration (20)
 m - a wand of flame (36)
 r - a wand of clouds (9)
 B - a wand of enslavement (41)
 F - a wand of scattershot (8)
 L - a wand of iceblast (41)
 N - a wand of paralysis (35)
 T - a wand of acid (29)
 X - a wand of digging (1)
Scrolls
 f - 28 scrolls of remove curse
 g - 4 scrolls of silence
 k - 19 scrolls of teleportation
 v - 4 scrolls of holy word
 x - a scroll of summoning
 C - 4 scrolls of immolation
 G - 2 scrolls of torment
 P - 10 scrolls of fear
 Q - 2 scrolls of magic mapping
 R - 10 scrolls of fog
 U - 6 scrolls of blinking
Potions
 i - 11 potions of heal wounds
 j - 4 potions of haste
 n - 4 potions of flight
 p - 2 potions of cancellation
 s - 4 potions of berserk rage
 t - 12 potions of curing
 u - a potion of magic
 z - 11 potions of brilliance
 I - 2 potions of invisibility
 K - 4 potions of agility
 M - 3 potions of might
 S - 4 potions of resistance
Miscellaneous
 b - a lightning rod (4/4)
 J - a phantom mirror
 V - a lamp of fire
 W - a phial of floods
 Y - 5 boxes of beasts
Comestibles
 e - 51 rations {!d}


   Skills:
 O Level 27 Fighting
 - Level 16.0 Maces & Flails
   Level 2.0(14.5) Slings
 - Level 25.9(26.0) Throwing
 - Level 17.3 Armour
 - Level 7.0 Dodging
 + Level 14.1 Shields
 - Level 13.4 Invocations
 - Level 9.0 Evocations


You had 24 spell levels left.
You knew the following spells:

 Your Spells              Type           Power        Failure   Level  Hunger
a - Passwall              Tmut/Erth      #.......     100%        2    ###....

Your spell library contained the following spells:

 Spells                   Type           Power        Failure   Level  Hunger
 Animate Skeleton         Necr           N/A          100%        1    ##.....
 Blink Other              Tloc           #.....       100%        1    ##.....
 Flame Tongue             Conj/Fire      #....        100%        1    ##.....
 Freeze                   Ice            #.....       100%        1    ##.....
 Infusion                 Chrm           #.......     100%        1    ##.....
 Magic Dart               Conj           #...         100%        1    ##.....
 Pain                     Necr           #.....       100%        1    ##.....
 Sandblast                Erth           #.....       100%        1    ##.....
 Summon Small Mammal      Summ           #...         100%        1    ##.....
 Blink                    Tloc           N/A          100%        2    ###....
 Call Imp                 Summ           #.......     100%        2    ###....
 Corpse Rot               Necr           N/A          100%        2    ###....
 Ensorcelled Hibernation  Hex/Ice        #.....       100%        2    ###....
 Flaming Arrows           Chrm/Fire      #.......     100%        2    ###....
 Searing Ray              Conj           #.....       100%        2    ###....
 Song of Slaying          Chrm           #.......     100%        2    ###....
 Sublimation of Blood     Necr           #.........   100%        2    ###....
 Swiftness                Chrm/Air       #.......     100%        2    ###....
 Throw Frost              Conj/Ice       #.....       100%        2    ###....
 Call Canine Familiar     Summ           #.......     100%        3    ####...
 Confuse                  Hex            #.......     100%        3    ####...
 Dazzling Spray           Conj/Hex       #.....       100%        3    ####...
 Ignite Poison            Fire/Tmut/Pois #.......     100%        3    ####...
 Iskenderun's Mystic Bla  Conj           #.......     100%        3    ####...
 Ozocubu's Armour         Chrm/Ice       #.......     100%        3    ####...
 Portal Projectile        Tloc           #.....       100%        3    ####...
 Regeneration             Chrm/Necr      #.........   100%        3    ####...
 Spectral Weapon          Hex/Chrm       #.......     100%        3    ####...
 Stone Arrow              Conj/Erth      #.....       100%        3    ####...
 Teleport Other           Tloc           #.......     100%        3    ####...
 Vampiric Draining        Necr           #.........   100%        3    ####...
 Animate Dead             Necr           N/A          100%        4    #####..
 Cause Fear               Hex            #.........   100%        4    #####..
 Fulminant Prism          Conj/Hex       #.........   100%        4    #####..
 Ice Form                 Ice/Tmut       #.......     100%        4    #####..
 Petrify                  Tmut/Erth      #.......     100%        4    #####..
 Sticky Flame             Conj/Fire      #.......     100%        4    #####..
 Summon Ice Beast         Ice/Summ       #.......     100%        4    #####..
 Throw Icicle             Conj/Ice       #.......     100%        4    #####..
 Yara's Violent Unravell  Hex/Tmut       #.........   100%        4    #####..
 Agony                    Necr           #.......     100%        5    ######.
 Bolt of Draining         Conj/Necr      #.........   100%        5    ######.
 Dispel Undead            Necr           #.......     100%        5    ######.
 Fireball                 Conj/Fire      #.........   100%        5    ######.
 Irradiate                Conj/Tmut      #.........   100%        5    ######.
 Lee's Rapid Deconstruct  Erth           #.........   100%        5    ######.
 Metabolic Englaciation   Hex/Ice        #.........   100%        5    ######.
 Summon Lightning Spire   Summ/Air       #.......     100%        5    ######.
 Summon Mana Viper        Hex/Summ       #.......     100%        5    ######.
 Bolt of Cold             Conj/Ice       #.........   100%        6    #######
 Bolt of Fire             Conj/Fire      #.........   100%        6    #######
 Darkness                 Hex            #.........   100%        6    #######
 Death Channel            Chrm/Necr      #.........   100%        6    #######
 Deflect Missiles         Chrm/Air       #.........   100%        6    #######
 Freezing Cloud           Ice/Air        #.........   100%        6    #######
 Invisibility             Hex            #.......     100%        6    #######
 Ozocubu's Refrigeration  Ice            #.........   100%        6    #######
 Simulacrum               Ice/Necr       #.........   100%        6    #######
 Steam Barrier            Chrm/Fire      #.........   100%        6    #######
 Dragon Form              Tmut           #......      100%        7    #######
 Haunt                    Necr/Summ      #.........   100%        7    #######
 Mana Rupture             Conj/Hex       #.........   100%        7    #######
 Dragon's Call            Summ           #.........   100%        9    #######
 Fire Storm               Conj/Fire      #.........   100%        9    #######
 Passage of Golubria      Tloc           Unusable     N/A         5    N/A

Dungeon Overview and Level Annotations

Branches:
Dungeon (12/12)            Temple (0/1) D:6            Lair (6/6) D:7
 Shoals (3/3) Lair:4        Snake (3/3) Lair:2        Slime (0/5) Lair:6
    Orc (1/1) D:8             Elf (3/3) Orc          Vaults (2/3) D:12
  Crypt (2/2) Vaults:1       Tomb (0/3) Crypt:2      Depths (5/5) D:12
    Zot (5/5) Depths:5

Altars:
Ashenzari
Cheibriados
Dithmenos
Elyvilon
Fedhas
Gozag
Hepliaklqana
Lugonu
Makhleb
Okawaru
Ru
Sif Muna
Uskayaw
Vehumet
Wu Jian
Xom
Yredelemnul
Beogh

Shops:
D:5 [   D:6 :   D:7 [   D:8 ((   D:11 !   D:12 ?   Orc ?!!=:   Elf:1 *
Elf:2 }*!*   Elf:3 *   Shoals:1 *   Snake:1 ((%!%   Vaults:1 *=*!   Depths:1 *
Depths:2 *

Portals:
Hell: Depths:1 Depths:2 Depths:3 Depths:4 Depths:5
Abyss: Depths:4
Pandemonium: Depths:1 Depths:2 Depths:3 Depths:4 Depths:5
Ziggurat: Depths:1

Annotations:
D:4 exclusion: downstairs
D:10 1 runed door
D:12 1 runed door
Lair:5 exclusions: downstairs and 4 oklob plants
Lair:6 corrupted
Shoals:3 corrupted, exclusion: simulacrum
Snake:1 exclusion: downstairs
Crypt:1 corrupted
Depths:1 exclusions: 2 eyes of devastation, great orb of eyes, shining eye and 1 more exclusion
Depths:4 corrupted
Zot:4 corrupted


Innate Abilities, Weirdness & Mutations

You are too large for most types of armour.
You have tough skin. (AC +1)
You are surrounded by a mild repulsion field. (EV +2)
Scrolls take you a little longer to read.
Your system is resistant to poisons. (rPois)
You do not regenerate when monsters are visible.
Your muscles are strong. (Str +2)
Your spells are a little harder to cast, but a little more powerful.


Message History

...and a mature weirdox beast leaps out!
Your mature stingfire beast breathes flames at the ynoxinul.
The blast of flame hits the ynoxinul.
Evoke which item? (* to show all) (? for menu, Esc to quit)
You open the lid...
You see a puff of smoke. ...but nothing happens.
Your juvenile batshock beast bursts into living lightning!
The living lightning hits the ynoxinul.
The ynoxinul resists.
The ynoxinul dies!
Lugonu accepts your kill.
The ufetubus disappears in a puff of smoke!
Your juvenile batshock beast blinks!
Your juvenile batshock beast is engulfed in a cloud of scalding steam.
Evoke which item? (* to show all) (? for menu, Esc to quit)
You open the lid... ...and a mature stingweird beast leaps out!
Your mature weirdbat beast hits the kobold!
The kobold dies!
Lugonu accepts your kill.
Your juvenile batshock beast is engulfed in a cloud of scalding steam.
You have escaped!

...........#########.##.#
.....................##.#
............###########.#
........................#
...........##############
...........≈≈§≈§≈≈≈#
#........≈≈≈≈≈≈§####
#≈≈≈≈≈..≈≈≈≈..§H.H.####
#≈≈≈≈≈≈≈≈......H@H.H≈≈##
#...≈≈≈≈......^HH..≈≈≈≈#
.................≈≈≈≈≈≈#
........≈≈≈≈≈≈≈≈≈≈≈≈≈≈≈#
......≈≈≈≈≈≈≈≈≈≈≈≈≈≈≈≈.#
#.≈≈≈≈≈≈≈≈≈≈≈≈≈≈≈)...(.#
#≈≈≈≈≈≈≈≈.......†....(.#
#≈≈...................>#
########################


You could see 7 friendly mutant beasts.

Vanquished Creatures
  A juggernaut (Depths:4)
  2 orbs of fire (Zot:5)
  2 ancient liches
  A greater mummy (Crypt:2)
  4 golden dragons
  10 Killer Klowns
  7 caustic shrikes
  Gastronok (Abyss:1)
  A profane servitor (Crypt:2)
  3 bone dragons
  2 electric golems
  A hellephant (Abyss:3)
  24 Orb Guardians
  Rupert (D:12)
  6 liches
  4 tentacled monstrosities
  5 quicksilver dragons
  2 deep elf blademasters (Elf:3)
  The ghost of cunnyseurTrue the Severer, an adept BaRe of Qazlal (Elf:3)
  2 deep elf master archers (Elf:3)
  2 Executioners
  3 death cobs
  Polyphemus (Abyss:1)
  9 tentacled starspawn
  2 krakens
  3 sphinxes
  An ancient champion (Crypt:1)
  7 nagarajas
  3 draconian monks
  4 shadow dragons
  5 tengu reavers
  Kirke (Shoals:2)
  4 storm dragons
  11 frost giants
  An iron dragon (Depths:4)
  A daeva (Abyss:2)
  A balrug (Depths:3)
  A ghost moth (Zot:4)
  5 deep elf sorcerers
  8 fire giants
  5 draconian knights
  The ghost of junkhipster the Bludgeoner, an adept GrFi of Okawaru (Orc)
  5 vault wardens
  23 stone giants
  2 deep elf elementalists (Elf:3)
  Aizul (Snake:1)
  8 ghouls
  6 ironheart preservers
  A reaper (Zot:5)
  5 draconian shifters
  4 orc warlords
  An angel (Depths:5)
  11 very ugly things
  2 draconian annihilators
  A war gargoyle (Vaults:1)
  An entropy weaver (Vaults:1)
  2 vampire knights
  4 deep elf annihilators
  4 black draconians
  3 green draconians
  7 dire elephants (Abyss:3)
  5 deep elf demonologists
  8 white draconians
  2 lorocyprocas (Depths:5)
  Nessos (Abyss:1)
  6 yellow draconians
  A minotaur (Gauntlet)
  8 purple draconians
  3 spark wasps
  7 eidola
  6 red draconians
  10 deep elf death magi
  A quicksilver dragon zombie (Crypt:2)
  9 ettins
  3 blizzard demons
  3 merfolk javelineers
  13 fire dragons
  2 green deaths (Abyss:3)
  Snorg (Lair:3)
  4 merfolk impalers
  6 jiangshi
  8 yaktaur captains
  3 deep elf high priests (Elf:3)
  4 vault guards (Vaults:2)
  8 hydras
  3 great orbs of eyes
  7 rakshasas
  21 naga warriors
  17 ice dragons
  A monstrous demonspawn (D:12)
  5 catoblepae
  4 merfolk avatars
  7 centaur warriors
  3 spriggan air magi
  3 alligator snapping turtles (Shoals:3)
  6 merfolk aquamancers (Shoals:3)
  5 anacondas
  An anaconda (shapeshifter) (D:12)
  5 death knights
  11 two-headed ogres
  A two-headed ogre (shapeshifter) (Vaults:1)
  5 ogre magi
  6 tengu warriors
  7 satyrs
  6 deep troll shamans
  3 death yaks
  6 deep troll earth magi (Depths:3)
  4 vampire magi
  34 dancing weapons
  10 thrashing horrors
  6 shock serpents
  6 spriggan berserkers
  6 naga sharpshooters
  Urug (D:12)
  Sonja (Lair:3)
  3 sun demons
  16 deep elf knights
  2 iron trolls (Depths:5)
  25 skeletal warriors
  11 wretched stars
  3 spatial maelstroms
  3 fire crabs
  7 sea snakes
  2 shadow wraiths
  A golden dragon zombie (Crypt:2)
  A storm dragon zombie (Crypt:2)
  8 glowing orange brains
  A salamander mystic (Snake:2)
  A sixfirhy (Abyss:3)
  8 hell knights (Depths:2)
  A ghost moth zombie (Crypt:2)
  2 unseen horrors
  4 swamp dragons (Abyss:3)
  2 shadow demons
  7 flayed ghosts
  6 naga ritualists
  26 starcursed masses
  A sea snake (shapeshifter) (Depths:4)
  An orange crystal statue (Elf:3)
  An obsidian statue (Elf:3)
  5 wizards
  18 deep trolls
  4 cyclopes
  28 phantasmal warriors
  4 ironbrand convokers (Vaults:1)
  20 deep elf archers
  An orb spider (Abyss:2)
  A tengu zombie (WizLab)
  17 harpies
  2 necromancers
  An orc knight (Orc)
  2 shining eyes (Abyss:2)
  29 large abominations
  A spectral ice dragon (Crypt:1)
  2 mana vipers (shapeshifter)
  2 mana vipers (Snake:3)
  A harpy (shapeshifter) (Vaults:2)
  A wolf spider (D:12)
  A spectral fire dragon (Crypt:1)
  An orb spider (shapeshifter) (Abyss:3)
  9 orc sorcerers
  67 deep elf magi
  13 fauns
  26 ugly things
  4 moths of wrath
  2 frost giant zombies (Crypt:2)
  3 stone giant zombies
  4 worldbinders
  12 manticores
  13 salamanders
  8 water nymphs
  An eye of devastation (shapeshifter) (Elf:1)
  24 black mambas
  7 merfolk sirens
  A black mamba (shapeshifter) (D:12)
  18 elephants
  5 apocalypse crabs
  27 naga magi
  6 smoke demons
  5 vault sentinels
  2 gargoyles
  6 guardian serpents
  2 rust devils
  5 ice statues
  A green draconian zombie (Crypt:1)
  7 cane toads
  A yellow draconian zombie (Crypt:1)
  An efreet (Gauntlet)
  A minotaur zombie (Gauntlet)
  A spriggan zombie (WizLab)
  2 hellions
  7 ice devils
  5 kobold demonologists
  11 freezing wraiths
  A guardian mummy (Crypt:2)
  4 rime drakes
  A komodo dragon (shapeshifter) (Depths:1)
  8 komodo dragons
  20 yaktaurs
  4 ancient zymes
  8 anaconda simulacra (IceCv)
  A hellwing (Depths:1)
  21 merfolk
  A queen bee (Gauntlet)
  2 red devils (Depths:3)
  2 trolls
  A tengu conjurer (Depths:1)
  A polar bear (shapeshifter) (Depths:1)
  A polar bear (Lair:5)
  6 wind drakes
  3 hornets
  19 slime creatures
  12 blink frogs
  13 dream sheep
  A bog body (Crypt:1)
  2 ettin zombies (Crypt:2)
  24 raiju
  11 hippogriffs
  3 human simulacra (Vaults:1)
  14 snapping turtles
  16 flying skulls
  A redback (shapeshifter) (Elf:2)
  4 shadows
  An air elemental (Elf:2)
  10 ynoxinuls
  18 water elementals
  2 dire elephant simulacra (IceCv)
  52 yaks
  2 spriggans
  3 vampires
  6 wraiths
  4 fire elementals
  5 fire bats
  3 basilisks
  3 hogs
  A wyvern (D:10)
  A black mamba zombie (Crypt:2)
  A hog (shapeshifter) (Abyss:2)
  9 neqoxecs
  A golden eye (shapeshifter) (Depths:2)
  15 humans (D:12)
  7 spatial vortices (Abyss:3)
  6 chaos spawn
  3 hungry ghosts
  A torturous demonspawn zombie (WizLab)
  2 iron troll simulacra (IceCv)
  A gelid demonspawn zombie (WizLab)
  A harpy simulacrum (IceCv)
  10 wargs
  2 acid dragons
  3 insubstantial wisps (Abyss:1)
  A cane toad zombie (Crypt:2)
  32 nagas
  10 water moccasins
  2 hydra simulacra (IceCv)
  22 small abominations
  9 hell hounds
  2 floating eyes (Depths:4)
  6 porcupines
  A swamp drake (shapeshifter) (Depths:4)
  An ice beast (D:11)
  25 orc warriors
  2 sky beasts
  An ettin simulacrum (Vaults:1)
  2 phantoms
  An eye of draining (shapeshifter) (Vaults:1)
  4 eyes of draining
  11 necrophages
  16 wolves
  13 boggarts
  13 ogres
  19 centaurs
  A human skeleton (Vaults:1)
  9 crocodiles
  7 bullfrogs
  2 elf zombies
  A yaktaur zombie (WizLab)
  5 big kobolds
  A komodo dragon zombie (Crypt:1)
  A gnoll sergeant (D:7)
  2 earth elementals (Elf:3)
  A wyvern zombie (D:7)
  8 wyvern skeletons (Crypt:2)
  2 scorpions
  9 killer bees
  15 wights
  4 electric eels
  10 crimson imps
  2 draconian simulacra (IceCv)
  2 centaur zombies (Ossuary)
  2 quasits
  4 human zombies
  12 orc priests
  5 hounds
  A bullfrog skeleton (D:5)
  6 jellies
  36 orc wizards
  3 centaur skeletons
  6 iron imps
  Ijyb (D:4)
  Natasha (thrice) (D:4)
  3 iguanas
  A spriggan simulacrum (IceCv)
  8 worker ants
  3 polar bear simulacra (IceCv)
  A troll simulacrum (IceCv)
  Terence (D:2)
  A wolf simulacrum (IceCv)
  A killer bee zombie (D:8)
  3 big kobold zombies (Ossuary)
  A centaur simulacrum (IceCv)
  A hound zombie (D:9)
  2 hound skeletons
  3 mummies
  A worker ant zombie (D:3)
  6 gnolls
  10 adders
  A naga simulacrum (IceCv)
  An adder (shapeshifter) (Depths:3)
  An ogre simulacrum (IceCv)
  A shadow imp (D:10)
  5 white imps
  9 ufetubi
  An ooze (D:3)
  2 adder skeletons
  2 adder zombies
  4 worms
  2 dart slugs (D:2)
  2 leopard geckos
  88 orcs
  6 giant cockroaches
  8 goblins
  10 hobgoblins
  14 jackals
  3 quokkas
  4 bats
  4 frilled lizards (D:1)
  A goblin zombie (Crypt:1)
  12 hobgoblin zombies (Ossuary)
  2 jackal zombies
  25 kobolds
  8 kobold zombies (Ossuary)
  A leopard gecko skeleton (D:4)
  7 orc zombies
  5 rats
  A rat skeleton (Crypt:1)
  A rat zombie (Ossuary)
  A lurking horror (Abyss:2)
  5 plants
  9 starspawn tentacles
  8 tentacles
2196 creatures vanquished.

Vanquished Creatures (collateral kills)
  A golden dragon (Depths:4)
  Jory (Crypt:2)
  A stone giant (Depths:4)
  A draconian scorcher (Zot:4)
  A blizzard demon (IceCv)
  A merfolk impaler (Shoals:3)
  A death knight (Crypt:2)
  A titan zombie (Crypt:2)
  2 flayed ghosts
  A ynoxinul (D:1)
  A wraith (Crypt:2)
  A wyvern skeleton (Crypt:2)
  An orc (Vaults:2)
  5 kobolds (D:1)
  A withered plant (Crypt:2)
20 creatures vanquished.

Vanquished Creatures (others)
  An ancient lich (WizLab)
  A quicksilver dragon (Zot:4)
  A shadow dragon (Zot:4)
  A draconian shifter (Zot:4)
  A ghoul (Crypt:1)
  A curse skull (Crypt:1)
  An ironheart preserver (Vaults:2)
  3 green draconians (Zot:4)
  A yellow draconian (Zot:2)
  4 dire elephants (Lair:6)
  3 merfolk impalers (Shoals:3)
  A merfolk javelineer (Shoals:3)
  A jiangshi (Crypt:1)
  2 mummy priests (WizLab)
  A merfolk aquamancer (Shoals:3)
  A death yak (Shoals:3)
  A satyr (Shoals:3)
  A soul eater (Crypt:1)
  2 skeletal warriors (Crypt:1)
  A shadow wraith (Abyss:1)
  A spark wasp zombie (Crypt:1)
  A sphinx zombie (WizLab)
  An ironbrand convoker (Vaults:1)
  A harpy (Shoals:3)
  2 deep elf magi (Elf:1)
  4 phantasmal warriors (Crypt:1)
  A cyclops (D:9)
  A spectral fire dragon (Crypt:1)
  2 spectral ice dragons (Crypt:1)
  A large abomination (Abyss:3)
  2 moths of wrath
  3 manticores
  2 naga magi (Snake:3)
  A guardian serpent (shapeshifter) (D:8)
  A komodo dragon (Lair:2)
  5 guardian mummies (WizLab)
  A tengu conjurer (D:11)
  2 trolls (D:7)
  2 merfolk (Shoals:3)
  2 snapping turtles (Shoals:3)
  A spriggan zombie (WizLab)
  15 flying skulls (Crypt:1)
  3 water elementals
  3 wraiths (Crypt:1)
  A human (D:12)
  3 orc warriors
  An ogre (Depths:2)
  A centaur (D:11)
  A boggart (Depths:1)
  A small abomination (Abyss:3)
  A big kobold (D:11)
  A gnoll sergeant (D:6)
  An orc wizard (Orc)
  3 white imps
  3 ufetubi (IceCv)
  An iguana skeleton (Crypt:1)
  4 orcs (Orc)
  A quokka (D:4)
  3 kobolds (D:11)
  A bush (Lair:6)
  10 fungi
  36 plants
  50 starspawn tentacles
  15 tentacles
  4 toadstools (Lair:2)
  9 withered plants (Crypt:2)
238 creatures vanquished.

Grand Total: 2454 creatures vanquished

Notes
Turn   | Place    | Note
-------+----------+-------------------------------------------
     0 | Abyss:1  | KapersCrawl the Ogre Abyssal Knight began the quest for the
                  | Orb.
     0 | Abyss:1  | Reached XP level 1. HP: 24/24 MP: 2/2
    73 | Abyss:1  | Noticed a small abomination
    75 | D:1      | Escaped the Abyss
   282 | D:1      | Reached XP level 2. HP: 32/32 MP: 3/3
   303 | D:1      | Reached * piety under Lugonu
   623 | D:1      | Reached XP level 3. HP: 39/39 MP: 4/4
  1454 | D:2      | Noticed Terence
  1480 | D:2      | Killed Terence
  1480 | D:2      | Reached skill level 1 in Slings
  1480 | D:2      | Reached XP level 4. HP: 37/48 MP: 5/5
  1653 | D:2      | Reached ** piety under Lugonu
  1669 | D:2      | Noticed a phantom
  2278 | D:3      | Reached skill level 5 in Maces & Flails
  2278 | D:3      | Reached XP level 5. HP: 40/54 MP: 6/6
  2585 | D:3      | Found a shattered altar of Ashenzari.
  2587 | D:3      | Found a radiant altar of Vehumet.
  2616 | D:3      | Found a corrupted altar of Lugonu.
  2616 | D:3      | Found a shimmering blue altar of Sif Muna.
  2616 | D:3      | Found a hide-covered altar of Uskayaw.
  2616 | D:3      | Found an ornate altar of the Wu Jian Council.
  2617 | D:3      | Found a burning altar of Makhleb.
  2619 | D:3      | Found a sacrificial altar of Ru.
  2621 | D:3      | Found a snail-covered altar of Cheibriados.
  3158 | D:3      | Reached XP level 6. HP: 61/62 MP: 7/7
  3525 | D:4      | Noticed Natasha
  3540 | D:4      | Killed Natasha
  3554 | D:4      | Noticed Ijyb
  3556 | D:4      | Noticed Natasha
  3564 | D:4      | Killed Natasha
  3577 | D:4      | Killed Ijyb
  3577 | D:4      | Reached *** piety under Lugonu
  3742 | D:4      | Reached XP level 7. HP: 63/70 MP: 8/8
  3775 | D:4      | Noticed Natasha
  3848 | D:4      | Killed Natasha
  3939 | D:4      | Found a white marble altar of Elyvilon.
  4335 | D:5      | Entered Level 5 of the Dungeon
  4710 | D:5      | Reached skill level 5 in Invocations
  4812 | D:5      | Reached XP level 8. HP: 34/78 MP: 12/12
  5128 | D:5      | Found Heixt's Armour Shop.
  6189 | D:6      | Found Usmeh's Book Boutique.
  6264 | D:6      | Found a staircase to the Ecumenical Temple.
  6881 | D:6      | Reached skill level 5 in Fighting
  6980 | D:6      | Reached XP level 9. HP: 77/89 MP: 13/15
  7053 | D:6      | Reached skill level 6 in Fighting
  7111 | D:7      | Found a shimmering blue altar of Sif Muna.
  7214 | D:7      | Found a sand-covered staircase.
  7242 | Ossuary  | Entered an ossuary
  7277 | Ossuary  | Reached **** piety under Lugonu
  7432 | Ossuary  | Reached skill level 7 in Fighting
  7557 | Ossuary  | Received a gift from Lugonu
  7582 | Ossuary  | Reached skill level 8 in Fighting
  7616 | D:7      | Gained mutation: Your body sometimes deteriorates upon
                  | taking damage. [potion of mutation]
  7616 | D:7      | Gained mutation: Your system is resistant to poisons.
                  | (rPois) [potion of mutation]
  7616 | D:7      | Gained mutation: You are surrounded by a mild repulsion
                  | field. (EV +2) [potion of mutation]
  7616 | D:7      | Gained mutation: Your spells are a little harder to cast,
                  | but a little more powerful. [potion of mutation]
  7617 | D:7      | Lost mutation: Your spells are a little harder to cast, but
                  | a little more powerful. [potion of mutation]
  7617 | D:7      | Lost mutation: Your body sometimes deteriorates upon taking
                  | damage. [potion of mutation]
  7617 | D:7      | Gained mutation: Your spells are a little harder to cast,
                  | but a little more powerful. [potion of mutation]
  7617 | D:7      | Gained mutation: Your muscles are strong. (Str +2) [potion
                  | of mutation]
  7742 | D:7      | Noticed a troll
  7744 | D:7      | Banished a troll
  7788 | D:7      | Reached skill level 9 in Fighting
  7956 | D:7      | Found a staircase to the Lair.
  8003 | D:7      | Reached skill level 10 in Fighting
  8227 | D:7      | Noticed a troll
  8235 | D:7      | Banished a troll
  8386 | D:7      | Received a gift from Lugonu
  8388 | D:7      | Got a spiked hat {god gift}
  8403 | D:7      | Identified the +1 hat of the Pits of Slime {rC- rN+++
                  | Stlth+} (Lugonu gifted it to you on level 7 of the Dungeon)
  8413 | D:7      | Found Kasis's Armour Shop.
  8736 | D:7      | Found an iron altar of Okawaru.
  8739 | D:7      | Found a basalt altar of Yredelemnul.
  8832 | D:7      | Found a shadowy altar of Dithmenos.
  9082 | D:8      | Reached skill level 10 in Maces & Flails
  9082 | D:8      | Reached XP level 10. HP: 81/110 MP: 11/16
  9203 | D:8      | Found a staircase to the Orcish Mines.
  9203 | D:8      | Found Xutaaroh's Weapon Shoppe.
  9488 | D:7      | Bought the +2 shield of Resistance {rF+ rC+ MR+} for 493
                  | gold pieces
  9488 | D:7      | Found the +2 shield of Resistance {rF+ rC+ MR+}
  9566 | D:8      | Noticed a guardian serpent
  9568 | D:8      | Banished a guardian serpent
  9687 | D:8      | Found Abbingam's Weapon Boutique.
  9704 | D:8      | Found a blossoming altar of Fedhas.
  9937 | D:8      | Found a hazy altar of Hepliaklqana.
 10712 | D:9      | Noticed a cyclops
 10713 | D:9      | Banished a cyclops
 11555 | Lair:1   | Entered Level 1 of the Lair of Beasts
 11555 | Lair:1   | Noticed a black mamba
 11568 | Lair:1   | Killed a black mamba
 11568 | Lair:1   | Reached XP level 11. HP: 82/117 MP: 10/17
 11854 | Lair:1   | Noticed a five-headed hydra
 12123 | Lair:1   | Noticed Gastronok
 12168 | Lair:1   | Banished Gastronok
 12168 | Lair:1   | Reached skill level 11 in Fighting
 12454 | Lair:1   | Reached skill level 12 in Fighting
 12476 | Lair:1   | Reached skill level 1 in Evocations
 12967 | Lair:2   | Found a staircase to the Snake Pit.
 12999 | Lair:2   | Noticed an eight-headed hydra
 14395 | D:10     | Entered Level 10 of the Dungeon
 14395 | D:10     | Noticed a manticore
 14515 | D:10     | Found a runed door.
 14526 | D:10     | Noticed a sixfirhy
 14667 | D:5      | Bought a +1 cloak of invisibility for 231 gold pieces
 14786 | D:10     | Noticed an eight-headed hydra
 14788 | D:10     | Banished a manticore
 14913 | D:10     | Reached skill level 5 in Evocations
 15075 | D:10     | Got a bloodstained flail
 15076 | D:10     | Identified the +10 flail of Zagag {flame, rN+ Dex+4} (You
                  | found it on level 10 of the Dungeon)
 15621 | D:10     | Killed an eight-headed hydra
 15715 | Lair:1   | Killed a five-headed hydra
 15715 | Lair:1   | Reached XP level 12. HP: 132/132 MP: 18/18
 15883 | Lair:2   | Killed an eight-headed hydra
 16059 | Lair:2   | Noticed a catoblepas
 16258 | Lair:2   | Killed a catoblepas
 16258 | Lair:2   | Reached skill level 5 in Shields
 16454 | Lair:2   | Found a runed door.
 16675 | Lair:2   | Noticed a dire elephant
 16763 | Lair:3   | Noticed Snorg
 16777 | Lair:3   | Killed Snorg
 17300 | Lair:3   | Noticed a four-headed hydra
 17313 | Lair:3   | Killed a four-headed hydra
 17521 | Lair:3   | Noticed Sonja
 17754 | Lair:3   | Killed Sonja
 17985 | Lair:4   | Noticed a six-headed hydra
 17993 | Lair:4   | Reached XP level 13. HP: 132/141 MP: 16/19
 18003 | Lair:4   | Reached skill level 13 in Fighting
 18056 | Lair:4   | Found a staircase to the Shoals.
 18056 | Lair:4   | Noticed Nessos
 18063 | Lair:4   | Banished Nessos
 18097 | Lair:4   | Reached skill level 14 in Fighting
 18855 | Lair:4   | Got a faintly glowing great sword
 19123 | Lair:5   | Reached skill level 15 in Fighting
 19730 | Lair:5   | Found a sacrificial altar of Ru.
 20161 | Lair:6   | Entered Level 6 of the Lair of Beasts
 20430 | Lair:6   | Reached skill level 10 in Invocations
 20676 | Lair:6   | Received a gift from Lugonu
 20918 | Lair:6   | Received a gift from Lugonu
 20933 | Lair:6   | Reached XP level 14. HP: 101/159 MP: 16/22
 21368 | Lair:6   | Reached skill level 1 in Armour
 21580 | Lair:6   | Found a staircase to the Slime Pits.
 22438 | Lair:6   | Noticed a dire elephant
 22438 | Lair:6   | Noticed a dire elephant
 22467 | Lair:6   | Noticed a dire elephant
 22468 | Lair:6   | Noticed a dire elephant
 22470 | Lair:6   | Corrupted Lair:6
 22470 | Lair:6   | Noticed a starcursed mass
 22470 | Lair:6   | Noticed a revenant
 22473 | Lair:6   | Killed a dire elephant
 22478 | Lair:6   | Noticed a tentacled starspawn
 22482 | Lair:6   | Killed a dire elephant
 22490 | Lair:6   | Noticed a starcursed mass
 22518 | Lair:6   | Killed a dire elephant
 22520 | Lair:6   | Killed a dire elephant
 22569 | Lair:6   | Noticed a dire elephant
 22826 | D:11     | Reached skill level 5 in Armour
 22910 | D:11     | Found Reggiplo's Distillery.
 22929 | D:11     | Bought a potion of heal wounds for 50 gold pieces
 23101 | D:11     | Found a gate leading to a gauntlet.
 23110 | Gauntlet | Entered a Gauntlet
 23110 | Gauntlet | Found a transporter.
 23110 | Gauntlet | Found a transporter.
 23122 | Gauntlet | Found a transporter.
 23137 | Gauntlet | Found a transporter.
 23151 | Gauntlet | Found a transporter.
 23167 | Gauntlet | Found a transporter.
 23240 | Gauntlet | Found a transporter.
 23255 | Gauntlet | Found a transporter.
 23269 | Gauntlet | Found a transporter.
 23285 | Gauntlet | Found a transporter.
 23300 | Gauntlet | Found a transporter.
 23369 | Gauntlet | Found a transporter.
 23379 | Gauntlet | Found a transporter.
 23389 | Gauntlet | Found a transporter.
 23401 | Gauntlet | Found a transporter.
 23413 | Gauntlet | Found a transporter.
 23512 | Gauntlet | Got a flickering glass ring
 23514 | Gauntlet | Identified the ring of Creativity {*Tele MP+9 Int+5 Dex-3
                  | SInv} (You found it in a Gauntlet)
 24559 | D:12     | Entered Level 12 of the Dungeon
 24559 | D:12     | Found a gate to the Vaults.
 24559 | D:12     | Found Rirups's Magic Scroll Boutique.
 24559 | D:12     | Noticed Rupert
 24559 | D:12     | Noticed a stone giant
 24559 | D:12     | Noticed Urug
 24632 | Orc      | Entered the Orcish Mines
 24829 | Orc      | Noticed an orc warlord
 24874 | Orc      | Killed an orc warlord
 24874 | Orc      | Reached skill level 16 in Fighting
 25374 | Orc      | Received a gift from Lugonu
 25424 | Orc      | Found Itautroi's Magic Scroll Shop.
 25437 | Orc      | Reached XP level 15. HP: 171/171 MP: 24/24
 25467 | Orc      | Found Wugiabau's Distillery.
 25472 | Orc      | Received a gift from Lugonu
 25528 | Orc      | Found a roughly hewn altar of Beogh.
 25576 | Orc      | Found a large runed translucent door.
 25576 | Orc      | Found a large runed translucent door.
 25578 | Orc      | Noticed junkhipster's ghost (adept GrFi)
 25600 | Orc      | Reached skill level 17 in Fighting
 25779 | Orc      | Found a staircase to the Elven Halls.
 25813 | Orc      | Found Xuch's Jewellery Shoppe.
 25813 | Orc      | Found Loinn's Distillery.
 25894 | Orc      | Found Uzyl's Book Shoppe.
 26170 | Shoals:1 | Entered Level 1 of the Shoals
 26516 | Shoals:1 | Reached skill level 18 in Fighting
 26653 | Shoals:1 | Upgraded the game from bcrawl-1.15.1-4-g77d781cab4 to
                  | bcrawl-1.17.1
 26757 | Shoals:1 | Found Okitweg's Mayhem Merchandise.
 26833 | Shoals:1 | Noticed a kraken
 26854 | Shoals:1 | Killed a kraken
 27011 | Shoals:1 | Reached skill level 19 in Fighting
 28114 | Shoals:2 | Noticed a kraken
 28144 | Shoals:2 | Killed a kraken
 28144 | Shoals:2 | Reached skill level 15 in Maces & Flails
 28231 | Shoals:3 | Entered Level 3 of the Shoals
 28232 | Shoals:3 | Noticed Kirke
 28357 | Snake:1  | Entered Level 1 of the Snake Pit
 28519 | Snake:1  | Noticed Aizul
 28545 | Snake:1  | Killed Aizul
 28699 | Snake:1  | Found Moposat's Distillery.
 28699 | Snake:1  | Found Vaet's Food Shop.
 28700 | Snake:1  | Found Nisk's Food Boutique.
 28707 | Snake:1  | Found Ylimaniw's Weapon Shop.
 29123 | Snake:1  | Found Quobb's Weapon Boutique.
 29155 | Snake:1  | Reached XP level 16. HP: 186/189 MP: 25/25
 29805 | Snake:2  | Noticed a nagaraja
 30123 | Snake:2  | Noticed a nagaraja
 30146 | Snake:1  | Killed a nagaraja
 30480 | Snake:2  | Identified a scroll of acquirement
 30482 | Snake:2  | Identified the amulet of Gead {+Rage rElec MR+} (You
                  | acquired it on level 2 of the Snake Pit)
 30570 | Snake:2  | Noticed a nagaraja
 30583 | Snake:2  | Killed a nagaraja
 30594 | Snake:2  | Killed a nagaraja
 31662 | Shoals:2 | Reached skill level 10 in Armour
 31943 | Shoals:3 | Noticed Polyphemus
 31944 | Shoals:3 | Corrupted Shoals:3
 32251 | Shoals:2 | Banished Polyphemus
 32461 | Shoals:3 | Got a barnacled rune of Zot
 32871 | Shoals:2 | Killed Kirke
 32871 | Shoals:2 | Reached skill level 20 in Fighting
 33465 | Shoals:3 | Received a gift from Lugonu
 33505 | Shoals:3 | Identified the ring "Qimut" {rPois Int+4 Dex+5}
 34110 | Shoals:3 | Reached XP level 17. HP: 200/204 MP: 26/26
 34457 | Shoals:3 | Received a gift from Lugonu
 34565 | Shoals:3 | Reached skill level 21 in Fighting
 34822 | Shoals:3 | Reached skill level 5 in Dodging
 35589 | Shoals:3 | Found a runed door.
 35757 | Shoals:3 | Received a gift from Lugonu
 36163 | Snake:3  | Entered Level 3 of the Snake Pit
 37827 | Snake:2  | Learned a level 2 spell: Passwall
 38451 | Snake:3  | Reached skill level 1 in Throwing
 38451 | Snake:3  | Reached XP level 18. HP: 189/215 MP: 28/28
 39195 | Snake:3  | Reached skill level 5 in Throwing
 39201 | Snake:3  | Got a serpentine rune of Zot
 39831 | D:12     | Killed Rupert
 39942 | D:12     | Bought a scroll of blinking for 82 gold pieces
 39942 | D:12     | Bought 3 scrolls of fog for 66 gold pieces
 39947 | D:12     | Upgraded the game from bcrawl-1.17.1 to bcrawl-1.17.3
 39969 | D:12     | Killed Urug
 40174 | D:12     | Received a gift from Lugonu
 40191 | D:12     | Found a runed door.
 40481 | D:12     | Found a staircase to the Depths.
 40628 | D:12     | Received a gift from Lugonu
 41396 | Vaults:1 | Entered Level 1 of the Vaults
 41680 | Vaults:1 | Found Langac's Jewellery Shop.
 41690 | Vaults:1 | Reached ***** piety under Lugonu
 41872 | Vaults:1 | Reached skill level 10 in Throwing
 42158 | Vaults:1 | Found Caroynt's General Store.
 42248 | Vaults:1 | Received a gift from Lugonu
 42460 | Vaults:1 | Found a staircase to the Crypt.
 42830 | Vaults:1 | Reached XP level 19. HP: 215/223 MP: 29/29
 43451 | Vaults:1 | Found Tafasoji's Assorted Antiques.
 43639 | Vaults:1 | Found Fyapnykhai's Distillery.
 44480 | Vaults:2 | Reached skill level 22 in Fighting
 44868 | Vaults:2 | Reached skill level 23 in Fighting
 45328 | Vaults:2 | Reached skill level 24 in Fighting
 45680 | Vaults:2 | Received a gift from Lugonu
 45817 | Vaults:2 | Noticed a tentacled monstrosity
 46059 | Elf:1    | Entered Level 1 of the Elven Halls
 46186 | Elf:1    | Found Plog's Assorted Antiques.
 46203 | Elf:1    | Received a gift from Lugonu
 46280 | Elf:1    | Found a magical portal.
 46326 | WizLab   | Entered Doroklohe's Tomb
 46359 | WizLab   | Reached skill level 25 in Fighting
 46548 | WizLab   | Reached XP level 20. HP: 246/248 MP: 30/30
 46588 | WizLab   | Noticed an ancient lich
 46589 | WizLab   | Corrupted WizLab
 46604 | WizLab   | Killed an ancient lich
 46798 | Elf:1    | Identified the +1 shield of the Unseen Realm {rElec}
                  | (Lugonu gifted it to you on level 1 of the Elven Halls)
 46798 | Elf:1    | Received a gift from Lugonu
 47716 | Elf:2    | Found a frozen archway.
 47750 | IceCv    | Entered an ice cave
 48596 | Elf:2    | Found Murix's Assorted Antiques.
 48604 | Elf:2    | Bought a scroll labeled NORYSY ODARUME for 36 gold pieces
 48630 | Elf:2    | Found Ofuotoop's General Store.
 48653 | Elf:2    | Bought a scroll of acquirement for 1040 gold pieces
 48655 | Elf:2    | Identified the +6 demon whip of Ishopaur {pain, Dex+4} (You
                  | acquired it on level 2 of the Elven Halls)
 48753 | Elf:2    | Found Uraphit's Gadget Boutique.
 48845 | Elf:2    | Reached skill level 15 in Throwing
 49031 | Elf:2    | Found a runed gate.
 49085 | Elf:2    | Found a runed gate.
 49120 | Elf:2    | Found Zuuvaj's Distillery.
 49164 | Elf:2    | Found a runed gate.
 49201 | Elf:2    | Received a gift from Lugonu
 49879 | Elf:3    | Entered Level 3 of the Elven Halls
 50119 | Elf:3    | Received a gift from Lugonu
 50236 | Elf:3    | Found a runed translucent gate.
 50237 | Elf:3    | Found a runed translucent gate.
 50238 | Elf:3    | Found a runed translucent gate.
 50239 | Elf:3    | Found an opulent altar of Gozag.
 50240 | Elf:3    | Noticed cunnyseurTrue's ghost (adept BaRe)
 50242 | Elf:3    | Found Ysaqeng's Assorted Antiques.
 50436 | Elf:3    | Reached skill level 26 in Fighting
 50616 | Elf:3    | Received a gift from Lugonu
 50702 | Elf:3    | Found a shimmering altar of Xom.
 50830 | Elf:3    | Reached XP level 21. HP: 261/261 MP: 31/31
 51357 | Elf:3    | Identified the +0 gold dragon scales "Jaypesu" {+Blink
                  | rPois rF+ rC+ rCorr} (Lugonu gifted it to you on level 3 of
                  | the Elven Halls)
 51357 | Elf:3    | Received a gift from Lugonu
 51366 | Elf:3    | Identified the amulet "Cesulu" {+Rage rC++ rN+ MP+9}
 51369 | Elf:3    | Identified the +8 dagger of Spite {drain, *Contam Int+6}
 51369 | Elf:3    | Identified the +8 scimitar of Avepotew {freeze, rF+ Str+8}
 51375 | Elf:3    | Identified the +3 quarterstaff of Kienoc {drain, rElec}
 51375 | Elf:3    | Identified the +6 shortbow "Ikabryef" {speed, rC+ Str+3}
 51381 | Elf:3    | Identified the +4 falchion of the Final Chapter {slice,
                  | rElec}
 51395 | Elf:3    | Reached skill level 27 in Fighting
 51567 | Elf:3    | Identified the +5 mace of Fuoroann {drain, rElec rF+ Str+5}
 51587 | Elf:3    | Identified the amulet of Xom's Passing Interest {Inacc
                  | Str+4 Int+2 Dex+2}
 51598 | Elf:3    | Identified the Reference Book on Evil Secrets and the Blaze
 51624 | Elf:3    | Identified the Volume of Fascination and Protection
 51670 | Elf:3    | Identified the Collected Works on Aid and Sinister Rites
 51977 | Elf:3    | Killed cunnyseurTrue's ghost
 52373 | Vaults:1 | Bought the ring of Robustness {AC+8} for 1792 gold pieces
 52373 | Vaults:1 | Found the ring of Robustness {AC+8}
 52422 | Crypt:1  | Entered Level 1 of the Crypt
 53234 | Crypt:1  | Corrupted Crypt:1
 53446 | Crypt:1  | Identified the +2 spear of Extinguishment {pierce, rF+ MR-
                  | Str+6 SInv}
 54050 | Crypt:2  | Entered Level 2 of the Crypt
 54200 | Crypt:2  | Identified the +2 scale mail of Hecvipp {Dex+5 SInv}
 54425 | Crypt:2  | Identified the +3 dagger of Terror {freeze, rElec rF- rN+}
 54426 | Crypt:2  | Identified Ereshkigal's Catalogue of Unholy Magic
 54705 | Crypt:2  | Received a gift from Lugonu
 54750 | Crypt:2  | Noticed Jory
 54777 | Crypt:2  | Killed Jory
 54777 | Crypt:2  | Reached XP level 22. HP: 222/275 MP: 32/32
 55058 | Crypt:2  | Noticed a greater mummy
 55083 | Crypt:2  | Killed a greater mummy
 55419 | Crypt:2  | Found a staircase to the Tomb.
 55512 | Crypt:2  | Found a basalt altar of Yredelemnul.
 56144 | Crypt:2  | Noticed a profane servitor
 56163 | Crypt:2  | Killed a profane servitor
 57024 | Depths:1 | Entered Level 1 of the Depths
 57024 | Depths:1 | Found a gateway to Hell.
 57207 | Depths:1 | Found a one-way gate leading to the halls of Pandemonium.
 57382 | Depths:1 | Found a gateway to a ziggurat.
 57393 | Depths:1 | Found Munkuabb's Blood Bar.
 58137 | Depths:2 | Identified the +0 hat "Wicitz" {rElec rPois} (Lugonu gifted
                  | it to you on level 2 of the Depths)
 58137 | Depths:2 | Received a gift from Lugonu
 58269 | Depths:2 | Found Nageunel's Assorted Antiques.
 58740 | Orc      | Killed junkhipster's ghost
 58913 | Depths:2 | Identified the cursed +1 battleaxe of Entrepreneurial
                  | Spirit {flame, Str+3}
 59523 | Depths:2 | Noticed a caustic shrike
 59545 | Depths:2 | Killed a caustic shrike
 59545 | Depths:2 | Reached XP level 23. HP: 247/281 MP: 33/33
 59888 | Depths:2 | Identified Sif Muna's Volume of the Glacier
 59895 | Depths:2 | Identified the ring of the Unkillable {rF+ MR+}
 59897 | Depths:2 | Identified the +3 buckler of Gravity {+Fly rF+ rC+ MR+}
 60633 | Depths:3 | Noticed a Killer Klown
 60643 | Depths:3 | Killed a Killer Klown
 61302 | Depths:3 | Noticed a Killer Klown
 61307 | Depths:3 | Killed a Killer Klown
 61638 | Depths:4 | Found a one-way gate to the infinite horrors of the Abyss.
 61650 | Depths:4 | Found a hazy altar of Hepliaklqana.
 61650 | Depths:4 | Found an opulent altar of Gozag.
 61651 | Depths:4 | Found a hazy altar of Hepliaklqana.
 61652 | Depths:4 | Noticed a Killer Klown
 61656 | Depths:4 | Killed a Killer Klown
 61673 | Depths:4 | Noticed a caustic shrike
 61673 | Depths:4 | Noticed a caustic shrike
 61673 | Depths:4 | Noticed a caustic shrike
 61677 | Depths:4 | Noticed a caustic shrike
 61678 | Depths:4 | Noticed a caustic shrike
 61682 | Depths:4 | Corrupted Depths:4
 61702 | Depths:4 | Killed a caustic shrike
 61703 | Depths:4 | Killed a caustic shrike
 61708 | Depths:4 | Killed a caustic shrike
 61757 | Depths:4 | Killed a caustic shrike
 62170 | Depths:4 | Noticed a juggernaut
 62200 | Depths:4 | Killed a juggernaut
 62200 | Depths:4 | Reached XP level 24. HP: 162/292 MP: 33/33
 62510 | Depths:4 | Noticed a golden dragon
 62533 | Depths:4 | Killed a golden dragon
 62626 | Depths:4 | Identified the +3 large shield of Eteany {+Fly rElec rN++
                  | Stlth-} (Lugonu gifted it to you on level 4 of the Depths)
 62626 | Depths:4 | Received a gift from Lugonu
 62990 | Depths:4 | Killed a caustic shrike
 63402 | Depths:4 | Noticed a golden dragon
 63406 | Depths:4 | Noticed a Killer Klown
 63438 | Depths:4 | Killed a golden dragon
 63456 | Depths:4 | Killed a Killer Klown
 63734 | Depths:4 | Noticed a caustic shrike
 63753 | Depths:4 | Killed a caustic shrike
 63934 | Depths:4 | Noticed a Killer Klown
 63953 | Depths:4 | Killed a Killer Klown
 63965 | Depths:4 | Noticed a golden dragon
 63968 | Depths:4 | Noticed an ancient lich
 63976 | Depths:4 | Killed a golden dragon
 63991 | Depths:4 | Killed an ancient lich
 64057 | Depths:4 | Identified the +2 cloak of Charity {rC++ Dex+4}
 64070 | Depths:4 | Identified the cursed +1 fustibalus "Apty Zajao" {flame,
                  | rN++}
 64071 | Depths:4 | Identified a +0 pair of boots of running
 64327 | Depths:4 | Voluntarily entered the Abyss.
 64332 | Abyss:1  | Killed Gastronok
 64369 | Abyss:1  | Killed Polyphemus
 64689 | Abyss:1  | Killed Nessos
 64793 | Abyss:1  | Reached XP level 25. HP: 283/301 MP: 33/33
 64845 | Abyss:1  | Paralysed by accursed screaming for 2 turns
 64851 | Abyss:1  | Paralysed by accursed screaming for 2 turns
 64854 | Abyss:1  | Paralysed by accursed screaming for 2 turns
 64887 | Depths:4 | Escaped the Abyss
 65254 | Depths:4 | Voluntarily entered the Abyss.
 66680 | Abyss:3  | Paralysed by accursed screaming for 2 turns
 66684 | Abyss:3  | Paralysed by accursed screaming for 2 turns
 66892 | Abyss:3  | Paralysed by you for 2 turns
 67130 | Abyss:3  | Found a corrupted altar of Lugonu.
 67259 | Abyss:3  | Identified the Guide on Combat Magic and Envenoming
 67809 | Abyss:3  | Found a runed door.
 67837 | Abyss:3  | Found a runed door.
 67857 | Abyss:3  | Found a runed door.
 67860 | Abyss:3  | Found a runed door.
 67861 | Abyss:3  | Found a runed door.
 67861 | Abyss:3  | Found a runed door.
 67862 | Abyss:3  | Found a runed door.
 67864 | Abyss:3  | Found a runed door.
 67865 | Abyss:3  | Found a runed door.
 67889 | Abyss:3  | Found a runed door.
 67889 | Abyss:3  | Found a runed door.
 67902 | Abyss:3  | Found a runed door.
 67930 | Abyss:3  | Found a runed door.
 67930 | Abyss:3  | Found a runed door.
 68098 | Abyss:3  | Found a runed door.
 68122 | Abyss:3  | Found a runed door.
 68128 | Abyss:3  | Found a runed door.
 68129 | Abyss:3  | Found a runed door.
 68129 | Abyss:3  | Found a runed door.
 68139 | Abyss:3  | Found a runed door.
 68143 | Abyss:3  | Found a runed door.
 68169 | Abyss:3  | Found a runed door.
 68174 | Abyss:3  | Found a runed door.
 68208 | Abyss:3  | Found a runed door.
 68209 | Abyss:3  | Found a runed door.
 68218 | Abyss:3  | Found a runed door.
 68241 | Abyss:3  | Found a runed door.
 68241 | Abyss:3  | Found a runed door.
 68241 | Abyss:3  | Found a runed door.
 68241 | Abyss:3  | Found a runed door.
 68241 | Abyss:3  | Found a runed door.
 68247 | Abyss:3  | Found a corrupted altar of Lugonu.
 68252 | Abyss:3  | Got an abyssal rune of Zot
 68253 | Depths:4 | Escaped the Abyss
 68733 | Elf:1    | Bought a potion of curing for 99 gold pieces
 68733 | Elf:1    | Bought a scroll of blinking for 247 gold pieces
 68810 | Orc      | Bought a potion of haste for 160 gold pieces
 68810 | Orc      | Bought a potion of might for 64 gold pieces
 68810 | Orc      | Bought a potion of cancellation for 128 gold pieces
 68810 | Orc      | Bought a potion of agility for 64 gold pieces
 68810 | Orc      | Bought a potion of might for 64 gold pieces
 69047 | Vaults:1 | Bought a scroll of silence for 90 gold pieces
 69047 | Vaults:1 | Bought a scroll of teleportation for 36 gold pieces
 69297 | Depths:5 | Entered Level 5 of the Depths
 69450 | Depths:5 | Reached XP level 26. HP: 286/311 MP: 33/33
 69717 | Depths:5 | Noticed a Killer Klown
 69741 | Depths:5 | Killed a Killer Klown
 69815 | Depths:5 | Noticed a golden dragon
 69821 | Depths:5 | Killed a golden dragon
 70441 | Depths:5 | Noticed a golden dragon
 70460 | Depths:5 | Killed a golden dragon
 70722 | Depths:5 | Reached skill level 15 in Armour
 70849 | Depths:5 | Found a gate to the Realm of Zot.
 71023 | Zot:1    | Entered Level 1 of the Realm of Zot
 71045 | Zot:1    | Noticed a Killer Klown
 71045 | Zot:1    | Noticed a Killer Klown
 71211 | Depths:5 | Killed a Killer Klown
 71243 | Zot:1    | Killed a Killer Klown
 71479 | Zot:4    | Corrupted Zot:4
 72086 | Zot:4    | Identified the ring of the Trout {AC+3 Int+2} (You acquired
                  | it on level 4 of the Realm of Zot)
 72135 | Zot:5    | Entered Level 5 of the Realm of Zot
 72321 | Zot:5    | Reached XP level 27. HP: 320/320 MP: 33/33
 72392 | Zot:5    | Noticed an orb of fire
 72392 | Zot:5    | Gained mutation: You do not regenerate when monsters are
                  | visible. [an orb of fire]
 72395 | Zot:5    | Noticed an ancient lich
 72406 | Zot:5    | Gained mutation: Scrolls take you a little longer to read.
                  | [an orb of fire]
 72418 | Zot:5    | Killed an orb of fire
 72418 | Zot:5    | Reached skill level 10 in Shields
 72432 | Zot:5    | Killed an ancient lich
 72548 | Zot:5    | Noticed an orb of fire
 72551 | Zot:5    | Killed an orb of fire
 72556 | Zot:5    | Noticed a Killer Klown
 72609 | Zot:5    | Killed a Killer Klown
 72646 | Zot:5    | Noticed a Killer Klown
 72664 | Zot:5    | Killed a Killer Klown
 72725 | Zot:5    | Received a gift from Lugonu
 73098 | Zot:5    | Got the Orb of Zot
 73367 | Zot:1    | Noticed a seraph
 73603 | D:12     | Received a gift from Lugonu
 73741 | D:6      | Noticed a seraph
 73975 | D:$      | Escaped with the Orb!

Skill      XL: |  1  2  3  4  5  6  7  8  9 10 11 12 13 14 15 16 17 18 19 20 21 22 23 24 25 26 27 |
---------------+----------------------------------------------------------------------------------+-----
Maces & Flails | 3 4 5 6 8 10 14 15 16 | 16.0
Slings         | 1 2 |  2.0
Invocations    | 6 9 11 12 13 | 13.4
Fighting       | 5 10 12 15 16 19 20 21 25 26 27 | 27.0
Evocations     | 6 9 |  9.0
Shields        | 2 9 14 | 14.1
Dodging        | 4 7 |  7.0
Armour         | 6 7 10 13 17 | 17.3
Throwing       | 1 11 13 15 18 21 23 25 | 25.9

Action                   |  1- 3 |  4- 6 |  7- 9 | 10-12 | 13-15 | 16-18 | 19-21 | 22-24 | 25-27 || total
-------------------------+-------+-------+-------+-------+-------+-------+-------+-------+-------++-------
Melee: Mace              |    99 |       |       |       |       |       |       |       |       ||    99
       Flail             |       |   106 |   329 |   535 |  1242 |  1458 |   957 |       |       ||  4627
       Hunting sling     |       |       |       |     1 |       |       |       |       |       ||     1
       Demon whip        |       |       |       |       |       |       |  1030 |  1403 |  1512 ||  3945
 Fire: Hunting sling     |    28 |    94 |   250 |   267 |   443 |   515 |       |       |       ||  1597
Throw: Stone             |    65 |     2 |       |       |       |       |       |       |       ||    67
       Tomahawk          |       |     8 |    15 |    11 |     7 |       |       |       |       ||    41
       Large rock        |       |       |       |     8 |       |     2 |    37 |   351 |   308 ||   706
       Javelin           |       |       |       |       |     9 |    32 |   222 |   106 |   101 ||   470
Invok: Depart the Abyss  |     1 |       |       |       |       |       |       |       |     1 ||     2
       Banish            |       |       |     6 |    12 |     1 |     2 |       |       |       ||    21
       Corrupt           |       |       |       |       |     1 |     1 |     2 |     1 |     1 ||     6
       Bend Space        |       |       |       |       |       |     7 |     3 |       |     9 ||    19
 Abil: Evoke Invisibilit |       |       |       |     2 |    12 |     6 |     9 |     1 |       ||    30
       Evoke Flight      |       |       |       |     1 |     2 |     8 |     4 |       |     1 ||    16
       Evoke Berserk Rag |       |       |       |       |       |     3 |     1 |       |       ||     4
Evoke: Box of beasts     |       |       |       |     2 |       |       |       |     3 |     8 ||    13
       Wand              |       |       |       |       |     3 |     4 |     2 |     2 |    12 ||    23
       Sack of spiders   |       |       |       |       |       |     4 |     4 |       |       ||     8
       Phial of floods   |       |       |       |       |       |     1 |     3 |     1 |     1 ||     6
       Lightning rod     |       |       |       |       |       |       |       |     1 |       ||     1
  Use: Potion            |     1 |     1 |     6 |     2 |       |     2 |     1 |       |    11 ||    24
       Scroll            |       |     4 |    10 |     7 |    15 |    10 |     6 |    12 |    12 ||    76
 Stab: Sleeping          |       |       |       |     2 |     1 |       |       |       |       ||     3
       Invisible         |       |       |       |       |    29 |    26 |    29 |       |       ||    84
       Distracted        |       |       |       |       |       |     1 |     4 |     6 |     3 ||    14
  Eat: Chunk             |     1 |     8 |    12 |    23 |    35 |    32 |    29 |    23 |     5 ||   168
       Ration            |       |       |     2 |     3 |     2 |     6 |     5 |     3 |     8 ||    29
Armor: Robe              |    37 |    45 |   104 |   121 |       |       |       |       |       ||   307
       Skin              |     9 |    14 |     9 |       |       |       |       |       |       ||    32
       Acid dragon scale |       |       |       |     7 |    60 |       |       |       |       ||    67
       Iron dragon scale |       |       |       |       |   638 |   930 |   840 |   611 |   827 ||  3846
Dodge: Dodged            |    64 |    55 |   157 |   166 |   158 |   183 |   198 |   138 |   233 ||  1352
Block: Shield            |       |       |       |   173 |   746 |   918 |   788 |   498 |   676 ||  3799
